3L
OAKLAND OAKS @ ROCKY MOUNTAIN NUGGETS
09/24/2032
 
TOP OF THE 1ST
Oakland Oaks batting - Pitching for Rocky Mountain Nuggets : RHP Kyuichi Hori
Pitching: RHP Kyuichi Hori
Batting: RHB Mike Wazowski 0-0: Ball
1-0: Called Strike
1-1: Swinging Strike
1-2: Strikes out swinging
Batting: RHB Joseph Papasogli 0-0: Foul Ball, location: 2F
0-1: TRIPLE (Line Drive, 89XD)
Batting: SHB Luis Luquín 0-0: Ground out 1-3 (Groundball, 13)
Batting: RHB Esteban Vázquez 0-0: Swinging Strike
0-1: Ball
1-1: Foul Ball, location: 2F
1-2: Strikes out looking
Top of the 1st over - 0 runs, 1 hit, 0 errors, 1 left on base; Oakland 0 - Rocky Mountain 0
BOTTOM OF THE 1ST
Rocky Mountain Nuggets batting - Pitching for Oakland Oaks : RHP Merlin Bassett
Pitching: RHP Merlin Bassett
Batting: RHB Manuel Becerra 0-0: Called Strike
0-1: Ball
1-1: Called Strike
1-2: Ball
2-2: Ground out 6-3 (Groundball, 6)
Batting: LHB Dong-jin Kim 0-0: Ball
1-0: Foul Ball, location: 2F
1-1: Ball
2-1: SINGLE (Groundball, 34D)
Batting: RHB Lúcio López 0-0: Ball
1-0: Swinging Strike
1-1: Called Strike
1-2: Ball
2-2: Foul Ball, location: 2F
2-2: Ball
3-2: Base on Balls
Dong-jin Kim to second
Batting: RHB Wrangler Haresnape 0-0: Foul Ball, location: 2F
0-1: Ball
1-1: Foul Ball, location: 2F
1-2: Ground out 5-3 (Groundball, 2L)
Dong-jin Kim to third
Lúcio López to second
Batting: RHB Ed Adams 0-0: Foul Ball, location: 2F
0-1: Swinging Strike
0-2: Strikes out looking
Bottom of the 1st over - 0 runs, 1 hit, 0 errors, 2 left on base; Oakland 0 - Rocky Mountain 0
TOP OF THE 2ND
Oakland Oaks batting - Pitching for Rocky Mountain Nuggets : RHP Kyuichi Hori
Batting: RHB Alfonso Nazario 0-0: Ball
1-0: SINGLE (Groundball, 6MD)
Batting: RHB Colin O'Connell 0-0: SINGLE (Line Drive, 9LM)
Alfonso Nazario to second
Throwing error, E9
Alfonso Nazario scores
Colin O'Connell to second
Batting: SHB José Rico 0-0: Foul Ball, location: 2F
0-1: Ball
1-1: Fly out, F3 (Line Drive, 34D)
Batting: RHB Yehonatan Chazan 0-0: Foul Ball, location: 2F
0-1: Ball
1-1: Ball
2-1: Fly out, F8 (Flyball, 8LM)
Batting: LHB Jesús Trevino 0-0: Ball
1-0: Fly out, F5 (Popup, 5F)
Top of the 2nd over - 1 run, 2 hits, 1 error, 1 left on base; Oakland 1 - Rocky Mountain 0
BOTTOM OF THE 2ND
Rocky Mountain Nuggets batting - Pitching for Oakland Oaks : RHP Merlin Bassett
Batting: LHB John Brewer 0-0: Ball
1-0: Foul Ball, location: 2F
1-1: Ball
2-1: Ground out U3 (Groundball, 34S)
Batting: RHB Hieu De 0-0: Ball
1-0: Foul Ball, location: 2F
1-1: Foul Ball, location: 2F
1-2: Ball
2-2: Ball
3-2: DOUBLE (Flyball, 8LXD)
Batting: LHB Willis Baker 0-0: Ground out U3 (Groundball, 3)
Hieu De to third
Batting: RHB Jesús Ruano 0-0: Ball
1-0: Ball
2-0: Ball
3-0: Called Strike
3-1: 2-RUN HOME RUN (Flyball, 7LD), Distance : 353 ft
Batting: RHB Manuel Becerra 0-0: Ball
1-0: Called Strike
1-1: Foul Ball, location: 2F
1-2: Foul Ball, location: 2F
1-2: Ball
2-2: Strikes out swinging
Bottom of the 2nd over - 2 runs, 2 hits, 0 errors, 0 left on base; Oakland 1 - Rocky Mountain 2
TOP OF THE 3RD
Oakland Oaks batting - Pitching for Rocky Mountain Nuggets : RHP Kyuichi Hori
Batting: RHB Mike Wazowski 0-0: Ball
1-0: Foul Ball, location: 2F
1-1: Ball
2-1: Foul Ball, location: 2F
2-2: SINGLE (Line Drive, 56S)
Batting: RHB Joseph Papasogli 0-0: Ball
1-0: Foul Ball, location: 2F
1-1: Swinging Strike
1-2: Strikes out swinging
Batting: SHB Luis Luquín 0-0: Ball
1-0: Foul Ball, location: 2F
1-1: SINGLE (Line Drive, 78S)
Mike Wazowski to second
Batting: RHB Esteban Vázquez 0-0: Ball
1-0: Called Strike
1-1: Called Strike
1-2: Foul Ball, location: 2F
1-2: Ball
2-2: Ball
3-2: Base on Balls
Mike Wazowski to third
Luis Luquín to second
Batting: RHB Alfonso Nazario 0-0: Foul Ball, location: 2F
0-1: Ball
1-1: Ball
2-1: Grounds into fielders choice 1-2 (Groundball, P)
Luis Luquín to third
Esteban Vázquez to second
Batting: RHB Colin O'Connell 0-0: Called Strike
0-1: GRAND SLAM HOME RUN (Flyball, 9D), Distance : 394 ft
Batting: SHB José Rico 0-0: Foul Ball, location: 2F
0-1: Ball
1-1: Ball
2-1: Ball
3-1: Ground out 6-3 (Groundball, 6)
Top of the 3rd over - 4 runs, 3 hits, 0 errors, 0 left on base; Oakland 5 - Rocky Mountain 2
BOTTOM OF THE 3RD
Rocky Mountain Nuggets batting - Pitching for Oakland Oaks : RHP Merlin Bassett
Batting: LHB Dong-jin Kim 0-0: Ball
1-0: Ground out 4-3 (Groundball, 4)
Batting: RHB Lúcio López 0-0: Ball
1-0: Called Strike
1-1: SINGLE (Groundball, 56D)
Batting: RHB Wrangler Haresnape 0-0: Foul Ball, location: 2F
0-1: Ball
1-1: Ball
2-1: Ball
3-1: Swinging Strike
3-2: Ground out 2-3 (Groundball, 13S)
Lúcio López to second
Batting: RHB Ed Adams 0-0: Called Strike
0-1: DOUBLE (Groundball, 3L)
Lúcio López scores
Batting: LHB John Brewer 0-0: Ball
1-0: Called Strike
1-1: Ball
2-1: Ball
3-1: Fly out, F4 (Popup, 13S)
Bottom of the 3rd over - 1 run, 2 hits, 0 errors, 1 left on base; Oakland 5 - Rocky Mountain 3
TOP OF THE 4TH
Oakland Oaks batting - Pitching for Rocky Mountain Nuggets : RHP Kyuichi Hori
Batting: RHB Yehonatan Chazan 0-0: Ball
1-0: Ball
2-0: Called Strike
2-1: SINGLE (Flyball, 9LS)
Batting: LHB Jesús Trevino 0-0: Foul Ball, location: 2F
0-1: Ball
Yehonatan Chazan steals 2nd base
1-1: Ground out 3-1 (Groundball, 34S)
Yehonatan Chazan to third
Batting: RHB Mike Wazowski 0-0: Ball
1-0: Swinging Strike
1-1: Ball
2-1: 2-RUN HOME RUN (Flyball, 7LD), Distance : 352 ft
Batting: RHB Joseph Papasogli 0-0: Called Strike
0-1: Foul Ball, location: 2F
0-2: Ball
1-2: Fly out, F8 (Line Drive, 89M)
Batting: SHB Luis Luquín 0-0: Ball
1-0: Called Strike
1-1: SINGLE (Groundball, 3D)
Batting: RHB Esteban Vázquez 0-0: SINGLE (Line Drive, 7S)
Luis Luquín to second
Batting: RHB Alfonso Nazario 0-0: Swinging Strike
0-1: Fly out, F9 (Line Drive, 9S)
Top of the 4th over - 2 runs, 4 hits, 0 errors, 2 left on base; Oakland 7 - Rocky Mountain 3
BOTTOM OF THE 4TH
Rocky Mountain Nuggets batting - Pitching for Oakland Oaks : RHP Merlin Bassett
Batting: RHB Hieu De 0-0: Called Strike
0-1: Foul Ball, location: 2F
0-2: Foul Ball, location: 2F
0-2: Ball
1-2: Ball
2-2: Ball
3-2: Fly out, F8 (Line Drive, 8LD)
Batting: LHB Willis Baker 0-0: Called Strike
0-1: Ground out 1-3 (Groundball, 13S)
Batting: RHB Jesús Ruano 0-0: Called Strike
0-1: Ground out 6-3 (Groundball, 6)
Bottom of the 4th over - 0 runs, 0 hits, 0 errors, 0 left on base; Oakland 7 - Rocky Mountain 3
TOP OF THE 5TH
Oakland Oaks batting - Pitching for Rocky Mountain Nuggets : RHP Kyuichi Hori
Batting: RHB Colin O'Connell 0-0: Ball
1-0: Called Strike
1-1: Called Strike
1-2: Foul Ball, location: 2F
1-2: Foul Ball, location: 2F
1-2: Strikes out swinging
Batting: SHB José Rico 0-0: Ball
1-0: Called Strike
1-1: Called Strike
1-2: Ball
2-2: Ground out 5-3 (Groundball, 5)
Batting: RHB Yehonatan Chazan 0-0: Ball
1-0: Ground out 1-3 (Groundball, P)
Top of the 5th over - 0 runs, 0 hits, 0 errors, 0 left on base; Oakland 7 - Rocky Mountain 3
BOTTOM OF THE 5TH
Rocky Mountain Nuggets batting - Pitching for Oakland Oaks : RHP Merlin Bassett
Batting: RHB Manuel Becerra 0-0: Called Strike
0-1: Swinging Strike
0-2: Ball
1-2: Ball
2-2: Ground out 6-3 (Groundball, 6)
Batting: LHB Dong-jin Kim 0-0: Called Strike
0-1: Ball
1-1: Ground out 4-3 (Groundball, 4)
Batting: RHB Lúcio López 0-0: Called Strike
0-1: Ball
1-1: Fly out, F7 (Flyball, 7)
Bottom of the 5th over - 0 runs, 0 hits, 0 errors, 0 left on base; Oakland 7 - Rocky Mountain 3
TOP OF THE 6TH
Oakland Oaks batting - Pitching for Rocky Mountain Nuggets : RHP Kyuichi Hori
Pitching: RHP Raúl Areola
Batting: LHB Jesús Trevino 0-0: Ball
1-0: Swinging Strike
1-1: Ball
2-1: Swinging Strike
2-2: Ball
3-2: Foul Ball, location: 2F
3-2: Base on Balls
Batting: RHB Mike Wazowski 0-0: Called Strike
0-1: Fly out, F8 (Flyball, 8RM)
Batting: RHB Joseph Papasogli 0-0: Called Strike
0-1: Swinging Strike
0-2: Ball
1-2: Foul Ball, location: 2F
1-2: SINGLE (Line Drive, 6M)
Jesús Trevino to second
Batting: SHB Luis Luquín 0-0: Ball
1-0: Called Strike
1-1: Fly out, F7 (Flyball, 7D)
Runner from 2nd tags up, SAFE at 3rd, no throw
Batting: RHB Esteban Vázquez 0-0: Ball
1-0: Called Strike
1-1: Called Strike
1-2: Ball
2-2: Strikes out swinging
Top of the 6th over - 0 runs, 1 hit, 0 errors, 2 left on base; Oakland 7 - Rocky Mountain 3
BOTTOM OF THE 6TH
Rocky Mountain Nuggets batting - Pitching for Oakland Oaks : RHP Merlin Bassett
Batting: RHB Wrangler Haresnape 0-0: Ground out U3 (Groundball, 34)
Batting: RHB Ed Adams 0-0: Foul Ball, location: 2F
0-1: Ground out 4-3 (Groundball, 4)
Batting: LHB John Brewer 0-0: Called Strike
0-1: Foul Ball, location: 2F
0-2: Ground out 6-3 (Groundball, 4M)
Bottom of the 6th over - 0 runs, 0 hits, 0 errors, 0 left on base; Oakland 7 - Rocky Mountain 3
TOP OF THE 7TH
Oakland Oaks batting - Pitching for Rocky Mountain Nuggets : RHP Raúl Areola
Batting: RHB Alfonso Nazario 0-0: Fly out, F7 (Flyball, 7)
Batting: RHB Colin O'Connell 0-0: Ball
1-0: Called Strike
1-1: Ball
2-1: Swinging Strike
2-2: Foul Ball, location: 2F
2-2: Ball
3-2: Base on Balls
Batting: SHB José Rico 0-0: Ball
1-0: Called Strike
1-1: Ball
2-1: Fly out, F9 (Line Drive, 9D)
Batting: RHB Yehonatan Chazan 0-0: Swinging Strike
Pickoff Throw to First - Error! E1
Colin O'Connell to second
0-1: Ball
1-1: Ball
2-1: Ball
3-1: Swinging Strike
3-2: Fly out, F9 (Flyball, 9D)
Top of the 7th over - 0 runs, 0 hits, 1 error, 1 left on base; Oakland 7 - Rocky Mountain 3
BOTTOM OF THE 7TH
Rocky Mountain Nuggets batting - Pitching for Oakland Oaks : RHP Merlin Bassett
Batting: RHB Hieu De 0-0: Ball
1-0: Ground out 4-3 (Groundball, 4)
Batting: LHB Willis Baker 0-0: Ground out 4-3 (Groundball, 4)
Batting: RHB Jesús Ruano 0-0: Ground out 6-3 (Groundball, 6MD)
Bottom of the 7th over - 0 runs, 0 hits, 0 errors, 0 left on base; Oakland 7 - Rocky Mountain 3
TOP OF THE 8TH
Oakland Oaks batting - Pitching for Rocky Mountain Nuggets : RHP Raúl Areola
Batting: LHB Jesús Trevino 0-0: Ball
1-0: Called Strike
1-1: Ball
2-1: Swinging Strike
2-2: SINGLE (Groundball, 4MD)
Batting: RHB Mike Wazowski 0-0: Ball
1-0: Called Strike
1-1: Ball
2-1: Foul Ball, location: 2F
2-2: Foul Ball, location: 2F
2-2: Fly out, F3 (Popup, 3F)
Batting: RHB Joseph Papasogli 0-0: Fielders Choice at 2nd, 1-6 (Groundball, P)
Batting: SHB Luis Luquín 0-0: Called Strike
0-1: Ground out 4-3 (Groundball, 4)
Top of the 8th over - 0 runs, 1 hit, 0 errors, 1 left on base; Oakland 7 - Rocky Mountain 3
BOTTOM OF THE 8TH
Rocky Mountain Nuggets batting - Pitching for Oakland Oaks : RHP Merlin Bassett
Pitching: RHP Brian Walker
Batting: RHB Manuel Becerra 0-0: Ground out 5-3 (Groundball, 56)
Batting: LHB Dong-jin Kim 0-0: Foul Ball, location: 2F
0-1: Foul Ball, location: 2F
0-2: Reaches on Catchers interference
Batting: RHB Lúcio López 0-0: Ball
1-0: Ball
2-0: Ball
3-0: Called Strike
3-1: 2-RUN HOME RUN (Line Drive, 78XD), Distance : 424 ft
Pitching: RHP Oriol Razo
Batting: RHB Wrangler Haresnape 0-0: Ground out 6-3 (Groundball, 6)
Batting: RHB Ed Adams 0-0: Ball
1-0: Ground out U3 (Groundball, 3)
Bottom of the 8th over - 2 runs, 1 hit, 1 error, 0 left on base; Oakland 7 - Rocky Mountain 5
TOP OF THE 9TH
Oakland Oaks batting - Pitching for Rocky Mountain Nuggets : RHP Raúl Areola
Batting: RHB Esteban Vázquez 0-0: Ball
1-0: SINGLE (Line Drive, 56D)
Batting: RHB Alfonso Nazario 0-0: Ball
1-0: Ball
2-0: Called Strike
Esteban Vázquez steals 2nd base
2-1: Ball
3-1: Foul Ball, location: 2F
3-2: Strikes out looking
Pitching: LHP Charles Dobson
Batting: RHB Colin O'Connell 0-0: Intentional Walk
Pitching: RHP Tsugahara Hori
Batting: SHB José Rico 0-0: Ball
1-0: Ball
Esteban Vázquez steals 3rd base
Colin O'Connell to second
2-0: Ball
3-0: Called Strike
3-1: Called Strike
3-2: Base on Balls
Batting: RHB Yehonatan Chazan 0-0: Fly out, F6 (Flyball, 6MD)
Batting: LHB Jesús Trevino 0-0: Ground out 4-3 (Groundball, 4)
Top of the 9th over - 0 runs, 1 hit, 0 errors, 3 left on base; Oakland 7 - Rocky Mountain 5
BOTTOM OF THE 9TH
Rocky Mountain Nuggets batting - Pitching for Oakland Oaks : RHP Oriol Razo
Pitching: RHP Lyle Lanley
Now in CF: Ed Berry
Batting: LHB John Brewer 0-0: Ball
1-0: DOUBLE (Line Drive, 78D)
Pitching: RHP Luis Fernández
Batting: RHB Hieu De 0-0: Foul Ball, location: 2F
0-1: Ground out 6-3 (Groundball, 6)
Batting: LHB Willis Baker 0-0: Called Strike
0-1: Ball
1-1: Ball
2-1: Ball
3-1: Base on Balls
Batting: RHB Jesús Ruano 0-0: Called Strike
0-1: Ball
1-1: Fly out, F9 (Flyball, 89S)
Batting: RHB Manuel Becerra 0-0: Foul Ball, location: 2F
0-1: Ball
1-1: Swinging Strike
1-2: Fly out, F7 (Flyball, 7)
Bottom of the 9th over - 0 runs, 1 hit, 0 errors, 2 left on base; Oakland 7 - Rocky Mountain 5
Wednesday, September 19th, 2018 - OOTP Baseball 18.8 Build 76